 Dungeon Crawl Stone Soup version 0.28-a0-628-g3c9886e45e (webtiles) character file.

Game seed: 15414465880158593707

77849 karrick the Bludgeoner (level 15, -3/100 HPs)
             Began as a Gargoyle Gladiator on Oct 3, 2021.
             Was the Champion of Okawaru.
             Slain by a stone giant (25 damage)
             ... on level 9 of the Dungeon on Oct 9, 2021.
             The game lasted 01:57:25 (25124 turns).

karrick the Bludgeoner (Gargoyle Gladiator)        Turns: 25124, Time: 01:57:29

Health: -3/100     AC: 44    Str: 21    XL:     15   Next: 58%
Magic:  23/23      EV: 18    Int:  8    God:    Okawaru [******]
Gold:   1852       SH:  0    Dex: 24    Spells: 14/14 levels left

rFire   + + .      SeeInvis .   v - +1 flail (protect)
rCold   . . .      Faith    .   (no shield)
rNeg    + . .      Spirit   .   U - +0 acid dragon scales
rPois   ∞          Reflect  .   I - +2 helmet
rElec   +          Harm     .   J - +0 cloak
rCorr   +          Rampage  .   k - +2 pair of gloves {Str+3}
Will    +....                   n - +2 pair of boots
Stlth   ++++++++..              L - amulet "Jifut" {rF++ Regen+ Int-3 Dex+3}
HPRegen 1.26/turn               z - +4 ring of protection
MPRegen 0.18/turn               b - +6 ring of dexterity

@: heroic, under a protective aura, flying, very slightly contaminated,
invisible
A: sickness immunity, AC +11, big wings, negative energy resistance 1,
electricity resistance, torment resistance 1, petrification resistance
a: Renounce Religion, Heroism, Finesse, Duel


You were on level 9 of the Dungeon.
You worshipped Okawaru.
Okawaru was exalted by your worship.
You visited 3 branches of the dungeon, and saw 22 of its levels.
You visited the Abyss 1 time.
You also visited: Bailey and Ice Cave.

You collected 1852 gold pieces.

Inventory:

Hand Weapons
 r - a +4 battleaxe of flaming
 t - the +5 great mace "Orb Guardian's Peril" {flame, Dex+2}
   (You found it on level 6 of the Lair of Beasts)

   It burns those it strikes, dealing additional fire damage.
   Dex:       It affects your dexterity (+2).
 v - a +1 flail of protection (weapon)
 B - the +10 trident "Nibopluh" {pain, Str+3 Stlth-}
   (You found it on level 6 of the Lair of Beasts)

   In the hands of one skilled in necromantic magic, it inflicts extra damage on
   living creatures.
   Str:       It affects your strength (+3).
   Stlth:     It makes you less stealthy.
 D - a +4 flail
Armour
 j - a +2 leather armour of resistance
 k - a +2 pair of gloves of strength (worn)
 n - a +2 pair of boots (worn)
 x - a +0 troll leather armour
 I - a +2 helmet (worn)
 J - a +0 cloak (worn)
 R - a +2 chain mail of willpower
 U - +0 acid dragon scales (worn)
 V - the +5 plate armour of Aduih {rF+ rCorr Int+3 Dex-5}
   (Okawaru gifted it to you on level 2 of the Lair of Beasts)

   Int:       It affects your intelligence (+3).
   Dex:       It affects your dexterity (-5).
   rF:        It protects you from fire.
   rCorr:     It protects you from acid and corrosion.
 W - the +3 chain mail of Vuman {rPois rF+ Str+4}
   (Okawaru gifted it to you on level 9 of the Dungeon)

   Str:       It affects your strength (+4).
   rF:        It protects you from fire.
   rPois:     It protects you from poison.
Jewellery
 b - a +6 ring of dexterity (right hand)
 s - a ring of protection from fire
 z - a +4 ring of protection (left hand)
 F - an amulet of faith
 L - the amulet "Jifut" (around neck) {rF++ Regen+ Int-3 Dex+3}
   (You found it on level 8 of the Dungeon)

   [amulet of regeneration]

   Int:       It affects your intelligence (-3).
   Dex:       It affects your dexterity (+3).
   rF:        It greatly protects you from fire.
   Regen:     It increases your rate of health regeneration.
Wands
 M - a wand of digging (9)
 P - a wand of iceblast (33)
 Q - a wand of acid (15)
Scrolls
 e - 3 scrolls of blinking
 f - a scroll of holy word
 i - a scroll of magic mapping
 l - 2 scrolls of acquirement {unknown}
 u - 5 scrolls of amnesia
 w - 4 scrolls of summoning
 y - 7 scrolls of enchant weapon
 C - 4 scrolls of fog
 E - 5 scrolls of immolation {unknown}
 G - 3 scrolls of fear
 O - a scroll of brand weapon {unknown}
 T - 3 scrolls of torment
 Y - 7 scrolls of teleportation
 Z - a scroll of silence {unknown}
Potions
 a - 2 potions of might
 d - 2 potions of lignification
 g - 4 potions of magic
 p - a potion of invisibility
 q - 2 potions of attraction
 A - a potion of ambrosia {unknown}
 H - 3 potions of mutation
 K - 2 potions of cancellation {unknown}
 N - 4 potions of haste {unknown}
 S - a potion of berserk rage {unknown}
 X - 8 potions of curing
Miscellaneous
 c - a lightning rod (4/4)
 h - a phantom mirror
 m - a tin of tremorstones (2/2)
 o - a condenser vane


   Skills:
 + Level 14.1(19.1) Fighting
 + Level 16.2(21.2) Maces & Flails
 - Level 2.0(7.0) Throwing
 + Level 7.9(12.9) Armour
 - Level 2.7(7.7) Dodging
 * Level 15.6(20.6) Stealth
 * Level 11.2 Invocations
 + Level 1.1 Evocations


You had 14 spell levels left.
You didn't know any spells.
Your spell library contained the following spells:

 Spells                   Type           Power      Damage    Failure   Level
 Pain                     Necr           0%         1d4       45%         1
 Ensorcelled Hibernation  Hex/Ice        0%         N/A       61%         2
 Conjure Flame            Conj/Fire      0%         6-21      83%         3
 Portal Projectile        Hex/Tloc       0%         N/A       83%         3
 Spider Form              Tmut/Pois      0%         N/A       83%         3
 Vampiric Draining        Necr           0%         2d6       83%         3
 Hailstorm                Conj/Ice       0%         3d3       99%         4
 Ice Form                 Ice/Tmut       0%         N/A       99%         4
 Leda's Liquefaction      Hex/Erth       0%         N/A       99%         4
 Sticky Flame             Conj/Fire      0%         2d3       99%         4
 Blade Hands              Tmut           0%         N/A       100%        5
 Borgnjor's Vile Clutch   Necr/Erth      0%         N/A       100%        5
 Excruciating Wounds      Necr           0%         N/A       100%        5
 Fireball                 Conj/Fire      0%         3d3       100%        5
 Freezing Cloud           Conj/Ice/Air   0%         6-21      100%        5
 Iskenderun's Battlesphe  Conj           0%         2d6       100%        5
 Lee's Rapid Deconstruct  Erth           0%         3d5*      100%        5
 Conjure Ball Lightning   Conj/Air       0%         3x3d6     100%        6
 Eringya's Noxious Bog    Tmut/Pois      0%         N/A       100%        6
 Iron Shot                Conj/Erth      0%         9d1       100%        6
 Starburst                Conj/Fire      0%         6d3       100%        6
 Orb of Destruction       Conj           0%         N/A       100%        7
 Polar Vortex             Ice            0%         N/A       100%        9
 Shatter                  Erth           0%         3d5*      100%        9
 Animate Skeleton         Necr           Unusable   N/A       N/A         1
 Call Imp                 Summ           Unusable   N/A       N/A         2
 Summon Guardian Golem    Hex/Summ       Unusable   N/A       N/A         3
 Animate Dead             Necr           Unusable   N/A       N/A         4
 Summon Forest            Summ/Tloc      Unusable   N/A       N/A         5
 Death Channel            Necr           Unusable   N/A       N/A         6
 Simulacrum               Ice/Necr       Unusable   N/A       N/A         6
 Statue Form              Tmut/Erth      Unusable   N/A       N/A         6
 Haunt                    Necr/Summ      Unusable   N/A       N/A         7
 Spellforged Servitor     Conj/Summ      Unusable   N/A       N/A         7
 Summon Hydra             Summ           Unusable   N/A       N/A         7
 Summon Horrible Things   Summ           Unusable   N/A       N/A         8

Dungeon Overview and Level Annotations

Branches:
Dungeon (15/15)            Temple (1/1) D:6            Lair (6/6) D:8
 Shoals (0/4) Lair:2       Spider (0/4) Lair:4        Slime (0/5) Lair:5
    Orc (0/2) D:9          Bailey (visited)           IceCv (visited)
 Vaults: D:13-14     Depths: D:15

Altars:
Ashenzari
Cheibriados
Dithmenos
Elyvilon
Fedhas
Gozag
Hepliaklqana
Kikubaaqudgha
Makhleb
Nemelex Xobeh
Okawaru
Qazlal
Ru
Sif Muna
Trog
Uskayaw
Vehumet
Wu Jian
Xom
Yredelemnul
Zin
The Shining One
Lugonu

Shops:
D:1 (   D:2 !

Portals:
Abyss: Lair:6

Annotations:
D:12 Snorg
D:15 Nessos


Innate Abilities, Weirdness & Mutations

You are immune to sickness and miasma.
Your stone body is resilient. (AC +11)
You are immune to poison.
Your large and strong wings let you fly.
You resist negative energy. (rN+)
You are resistant to electric shocks. (rElec)
You are resistant to unholy torment.
You are immune to petrification.


Message History

You are too injured to fight recklessly!
Unknown command.
You fade into invisibility!
The centaur hits you but does no damage.
The centaur completely misses you. The stone giant closely misses you.
The centaur closely misses you. The centaur barely misses you.
You are very lightly contaminated with residual magic.
You are too injured to fight recklessly!
You thump the stone giant!
The stone giant is severely wounded.
The boulder beetle barely misses you.
The boulder beetle stops rolling and uncurls.
The centaur hits you but does no damage.
The centaur kicks you but does no damage.
You catch the helpless stone giant completely off-guard!
You hit the stone giant but do no damage.
You punch the stone giant.
The stone giant is severely wounded.
The centaur completely misses you. The centaur closely misses you.
The stone giant misses you.
Unknown command.
You sock the stone giant!
The stone giant is severely wounded.
The centaur closely misses you. The centaur misses you.
You hit the stone giant.
The stone giant is severely wounded.
The boulder beetle barely misses you.
You hit the stone giant.
The stone giant is almost dead.
The boulder beetle bites you but does no damage.
The centaur misses you. x2; The stone giant hits you!!
* * * LOW HITPOINT WARNING * * *
You feel better. The centaur barely misses you. The centaur misses you.
You feel better. The centaur closely misses you.
The centaur kicks you but does no damage.
The boulder beetle bites you.
* * * LOW HITPOINT WARNING * * *
The centaur completely misses you. The centaur misses you.
The stone giant hits you!!
You die...

#†#.............# ###.#.
#.#.##########..# #...
#.#.#..#.†#..#.### #####.
#...#.('..'.)#.[.# ##.###.
###.##'####'##...###.#.##.
#.#.[# #8.#...##.###...
#.#..# #.8#...###.#.###
#)##'#+##'##...# ##.##
#.#..#.@B†.#.### #.#
#.#..#cC#..#.## #.#
#.#'########..# #.#
#.............# #.#
#..#.##...#...#####.#
#.##.....###........#
#.#####...#...#######
#.#####.#...#.#
#.............#


You could see a stone giant, a boulder beetle and a centaur.

Vanquished Creatures
  A reaper (IceCv)
  7 hydras
  The ghost of rustyseabutter the Protected, a journeyman HOFi of Okawaru (D:10)
  Harold (D:7)
  A catoblepas (Lair:4)
  2 boulder beetles (D:14)
  Erica (D:8)
  4 centaur warriors
  5 tengu warriors
  3 two-headed ogres
  3 thrashing horrors (Lair:6)
  2 oklob plants (Lair:5)
  6 ugly things
  3 cyclopes
  A salamander (shapeshifter) (D:15)
  2 black mambas
  21 elephants
  3 manticores
  Joseph (D:7)
  2 centaur zombies
  2 torpor snails (Lair:6)
  2 ice statues (IceCv)
  2 merfolk sirens (Lair:2)
  Maggie (D:7)
  14 cane toads
  3 rime drakes
  9 komodo dragons
  An entropy weaver simulacrum (IceCv)
  A freezing wraith (D:15)
  4 kobold demonologists
  4 tengu conjurers
  4 efreet
  6 ice devils
  3 meliai (D:13)
  A polar bear (Lair:3)
  4 trolls
  2 ancient zymes (Lair:6)
  A wind drake (shapeshifter) (Lair:6)
  2 merfolk (Lair:2)
  Grinder (D:4)
  A hornet (D:9)
  A blink frog (shapeshifter) (D:15)
  15 blink frogs
  4 slime creatures (D:15)
  17 dream sheep
  3 redbacks (Lair:4)
  A vampire (D:13)
  4 dire elephant simulacra (IceCv)
  A water elemental (D:12)
  3 ynoxinuls
  3 wraiths
  3 wyverns
  A large abomination (Lair:6)
  30 yaks
  A steam dragon (D:10)
  3 chaos spawn (Lair:6)
  A death yak simulacrum (IceCv)
  6 basilisks
  A vampire mosquito (D:9)
  5 harpy simulacra (IceCv)
  2 acid dragons
  14 water moccasins
  10 small abominations (Lair:6)
  5 orc warriors
  3 black bears
  4 necrophages (D:7)
  3 ogres
  52 wolves
  The ghost of demibob the Poker, an amateur MfGl (D:3)
  7 centaurs
  2 phantoms (D:5)
  6 kobold brigands
  4 gnoll sergeants
  Blork the orc (D:4)
  13 bullfrogs
  2 wyvern zombies
  6 scorpions
  A cane toad simulacrum (IceCv)
  2 two-headed ogre simulacra (IceCv)
  9 killer bees
  9 wights
  8 electric eels
  6 howler monkeys
  3 hounds
  3 quasits (D:3)
  Crazy Yiuf (D:7)
  2 jellies
  2 orc priests
  A bullfrog skeleton (D:6)
  3 iguanas (Lair:1)
  8 orc wizards
  A killer bee zombie (D:9)
  A wolf simulacrum (IceCv)
  2 human simulacra (D:13)
  A hound zombie (D:5)
  A hound skeleton (D:4)
  Robin (D:3)
  10 gnolls
  A naga simulacrum (IceCv)
  4 adders
  A shadow imp (D:6)
  A white imp (IceCv)
  2 ufetubi
  A worm (D:2)
  A dart slug (D:1)
  49 orcs
  5 ball pythons
  11 endoplasms
  2 giant cockroaches
  17 goblins
  11 hobgoblins
  2 jackals (D:2)
  5 quokkas
  6 bats
  2 frilled lizards (D:1)
  21 kobolds
  A rat (D:1)
594 creatures vanquished.

Vanquished Creatures (others)
  A bullfrog (Lair:3)
  A howler monkey (D:8)
  81 fungi
  103 plants
  2 withered plants (D:7)
188 creatures vanquished.

Grand Total: 782 creatures vanquished

Notes
Turn   | Place    | Note
-------+----------+-------------------------------------------
     0 | D:1      | karrick the Gargoyle Gladiator began the quest for the Orb.
     0 | D:1      | Reached XP level 1. HP: 12/12 MP: 1/1
    69 | D:1      | Reached XP level 2. HP: 3/18 MP: 2/2
   890 | D:1      | Reached XP level 3. HP: 21/22 MP: 3/3
   933 | D:1      | Found Forau's Weapon Boutique.
  1383 | D:2      | Reached skill level 1 in Stealth
  1764 | D:2      | Found Zekag's Distillery.
  1948 | D:2      | Found a faded altar of an unknown god.
  2106 | D:2      | Found a sacrificial altar of Ru.
  2113 | D:2      | Reached skill level 1 in Armour
  2247 | D:3      | Reached XP level 4. HP: 24/27 MP: 4/4
  2410 | D:3      | Found a transporter.
  2413 | D:3      | Noticed demibob's ghost (amateur MfGl)
  2441 | D:3      | Found a transporter.
  2482 | D:3      | Found a shimmering altar of Xom.
  2554 | D:3      | Noticed a scorpion
  2569 | D:3      | HP: 1/27 [scorpion (2)]
  2571 | D:3      | Killed a scorpion
  2572 | D:3      | Reached skill level 4 in Maces & Flails
  2572 | D:3      | Reached XP level 5. HP: 2/32 MP: 5/5
  4188 | D:4      | Noticed Robin
  4198 | D:4      | Reached XP level 6. HP: 37/37 MP: 6/6
  4198 | D:4      | Noticed Blork the orc
  4308 | D:3      | Killed Robin
  4618 | D:4      | Killed Blork the orc
  4619 | D:4      | Reached skill level 5 in Maces & Flails
  5052 | D:4      | Noticed Grinder
  5151 | D:4      | Reached XP level 7. HP: 41/41 MP: 7/7
  5217 | D:5      | Entered Level 5 of the Dungeon
  5288 | D:5      | Identified the +0 leather armour "Igia" {rElec}
  5557 | D:5      | Reached skill level 6 in Maces & Flails
  5672 | D:5      | Reached XP level 8. HP: 47/48 MP: 8/8
  6274 | D:6      | Reached skill level 7 in Maces & Flails
  6456 | D:6      | Got the Handbook of the Icy Arsonist
  6480 | D:6      | Found a staircase to the Ecumenical Temple.
  6486 | Temple   | Entered the Ecumenical Temple
  6652 | Temple   | Became a worshipper of Warmaster Okawaru
  7346 | D:6      | Reached skill level 5 in Stealth
  7538 | D:6      | Reached skill level 5 in Fighting
  7952 | D:4      | Killed Grinder
  7952 | D:4      | Reached * piety under Okawaru
  7953 | D:4      | Reached skill level 8 in Maces & Flails
  7953 | D:4      | Reached XP level 9. HP: 52/54 MP: 9/9
  8104 | D:7      | Reached skill level 9 in Maces & Flails
  8195 | D:7      | Noticed Harold
  8203 | D:7      | Found a runed translucent door.
  8203 | D:7      | Noticed Crazy Yiuf
  8207 | D:7      | Killed Crazy Yiuf
  8344 | D:7      | Noticed Joseph
  8677 | D:3      | Killed demibob's ghost
  8814 | D:7      | Reached skill level 1 in Invocations
  8995 | D:8      | Identified the amulet "Jifut" {rF++ Regen+ Int-3 Dex+3}
  9052 | D:8      | Found a staircase to the Lair.
  9053 | D:8      | Noticed a komodo dragon
  9081 | D:8      | Reached ** piety under Okawaru
  9131 | D:8      | Killed a komodo dragon
  9132 | D:8      | Reached skill level 10 in Maces & Flails
  9158 | D:8      | Reached XP level 10. HP: 48/60 MP: 10/12
  9191 | D:8      | Noticed Erica
  9259 | D:7      | Killed Joseph
  9276 | D:7      | Reached *** piety under Okawaru
  9306 | D:7      | Noticed Maggie
  9405 | D:8      | Paralysed by a wight for 7 turns
  9432 | D:8      | Paralysed by a wight for 6 turns
  9475 | D:9      | Noticed a two-headed ogre
  9517 | D:9      | Noticed a cyclops
  9532 | D:9      | Killed a cyclops
  9538 | D:9      | Reached skill level 11 in Maces & Flails
  9558 | D:9      | Noticed a tengu warrior
  9625 | D:9      | Found a runed translucent door.
  9625 | D:9      | Noticed a centaur warrior
  9626 | D:9      | Noticed a seven-headed hydra
  9635 | D:9      | Killed a centaur warrior
  9635 | D:9      | Reached **** piety under Okawaru
  9785 | D:9      | Killed a tengu warrior
  9786 | D:9      | Reached skill level 5 in Armour
  9786 | D:9      | Reached skill level 5 in Invocations
  9786 | D:9      | Reached XP level 11. HP: 37/67 MP: 14/14
  9912 | D:9      | Found a staircase to the Orcish Mines.
  9991 | D:7      | Killed a two-headed ogre
  9992 | D:7      | Reached skill level 12 in Maces & Flails
 10045 | D:7      | Killed Harold
 10352 | D:7      | Killed Maggie
 10956 | D:8      | Killed Erica
 10994 | D:8      | Noticed a two-headed ogre
 11006 | D:8      | Killed a two-headed ogre
 11006 | D:8      | Reached ***** piety under Okawaru
 11007 | D:8      | Reached skill level 1 in Evocations
 11391 | D:9      | Noticed a cyclops
 11407 | D:9      | Killed a cyclops
 11500 | D:9      | Noticed a cyan ugly thing
 11734 | D:9      | Noticed a manticore
 11839 | D:9      | Killed a manticore
 11879 | D:9      | Cast into level 2 of the Abyss (gnoll sergeant)
 11919 | D:9      | Escaped the Abyss
 11921 | D:9      | Identified the +3 chain mail of Vuman {rPois rF+ Str+4}
                  | (Okawaru gifted it to you on level 9 of the Dungeon)
 11921 | D:9      | Received a gift from Okawaru
 12001 | D:10     | Entered Level 10 of the Dungeon
 12183 | D:10     | Reached skill level 13 in Maces & Flails
 12297 | D:10     | Reached XP level 12. HP: 76/76 MP: 17/17
 12385 | D:10     | Found a runed translucent door.
 12385 | D:10     | Noticed rustyseabutter's ghost (journeyman HOFi)
 13238 | D:11     | Noticed a tengu warrior
 13462 | D:12     | Noticed Snorg
 13501 | D:12     | Reached skill level 10 in Stealth
 13559 | D:12     | Found a flagged portal.
 13595 | Bailey   | Entered a bailey
 13694 | Bailey   | Found a burning altar of Makhleb.
 14285 | D:13     | Noticed a centaur warrior
 14304 | D:13     | Killed a centaur warrior
 14424 | D:13     | Noticed a two-headed ogre
 14452 | D:13     | Killed a two-headed ogre
 14532 | D:13     | Noticed a centaur warrior
 14550 | D:13     | Killed a centaur warrior
 14789 | D:13     | Reached skill level 10 in Fighting
 15274 | D:11     | Killed a tengu warrior
 15283 | D:11     | Reached skill level 14 in Maces & Flails
 15764 | D:14     | Noticed a boulder beetle
 15958 | D:14     | Noticed a boulder beetle
 16013 | D:15     | Entered Level 15 of the Dungeon
 16216 | D:15     | Reached XP level 13. HP: 83/83 MP: 19/19
 16259 | D:15     | Received a gift from Okawaru
 16704 | D:14     | Noticed a vault guard
 16704 | D:14     | Noticed a vault guard
 16969 | D:14     | You fall into a shaft and drop 1 floor!
 17396 | D:15     | Noticed Nessos
 17520 | D:14     | Noticed a vault guard
 17915 | D:10     | Killed rustyseabutter's ghost
 17929 | D:10     | Got Nuec's Handbook of Clay
 18097 | Lair:1   | Entered Level 1 of the Lair of Beasts
 18277 | Lair:1   | You fall into a shaft and drop 1 floor!
 18440 | Lair:2   | Identified the +5 plate armour of Aduih {rF+ rCorr Int+3
                  | Dex-5} (Okawaru gifted it to you on level 2 of the Lair of
                  | Beasts)
 18440 | Lair:2   | Received a gift from Okawaru
 18527 | Lair:2   | Reached skill level 15 in Maces & Flails
 18571 | Lair:2   | Found a frozen archway.
 18608 | IceCv    | Entered an ice cave
 18643 | IceCv    | Reached ****** piety under Okawaru
 18798 | IceCv    | Gained mutation: Your large and strong wings let you fly.
                  | [Gargoyle growth]
 18798 | IceCv    | Reached XP level 14. HP: 88/92 MP: 21/21
 19088 | IceCv    | Noticed a reaper
 19168 | IceCv    | Killed a reaper
 19797 | Lair:2   | Found a staircase to the Shoals.
 20321 | Lair:1   | Reached skill level 10 in Invocations
 20332 | Lair:1   | Identified the +0 leather armour of the Distant Future
                  | {rElec rF+ Stlth+}
 21080 | Lair:3   | Identified the -2 pair of boots of the Apprentice {Dex+4}
                  | (Okawaru gifted it to you on level 3 of the Lair of Beasts)
 21080 | Lair:3   | Received a gift from Okawaru
 21513 | Lair:4   | Found a hole to the Spider Nest.
 22355 | Lair:5   | Reached skill level 15 in Stealth
 22772 | Lair:5   | Found a staircase to the Slime Pits.
 22786 | Lair:5   | Reached XP level 15. HP: 96/99 MP: 22/22
 22996 | Lair:6   | Entered Level 6 of the Lair of Beasts
 23588 | Lair:6   | Reached skill level 16 in Maces & Flails
 23667 | Lair:6   | Received a gift from Okawaru
 23693 | Lair:6   | Found a corrupted altar of Lugonu.
 23693 | Lair:6   | Found a one-way gate to the infinite horrors of the Abyss.
 23715 | Lair:6   | Identified the +5 great mace "Orb Guardian's Peril" {flame,
                  | Dex+2}
 23725 | Lair:6   | Upgraded the game from 0.28-a0-580-ga2639ab843 to
                  | 0.28-a0-628-g3c9886e45e
 24117 | Lair:6   | Got the Disquisition on the Entourage
 24145 | Lair:6   | Identified the +10 trident "Nibopluh" {pain, Str+3 Stlth-}
 24431 | Lair:6   | Identified the +1 ring mail of Rurrosah {-Cast Harm Fly
                  | Will++}
 25124 | D:9      | Slain by a stone giant

Illustrated notes

Levels and vault maps discovered:
D:1:      sevenhm_arrival_forest_fort_small_3, layout_loops_ring, serial_shops,
          nicolae_shop_crystal, chequers_serial_rivers_small_3,
          dk_noncrumbling_2
D:2:      layout_basic, shapermc_ecumenical_altar_gd, serial_shops,
          nicolae_shop_trees, basic_altar
D:3:      layout_loops_ring, mainiacjoe_overflow_surrounded_room,
          gammafunk_ghost_stat_death, minmay_misc_feat_pillars,
          chequers_serial_rivers_small_b
D:4:      layout_gridville, uniq_grinder, uniq_robin, uniq_blork_the_orc
D:5:      kb_forest_paths, layout_gridville, serial_rivers,
          chequers_serial_rivers_micro_c, chequers_serial_rivers_small_3,
          chequers_serial_rivers_small_3, chequers_serial_rivers_micro_c,
          chequers_serial_rivers_marsh, chequers_serial_rivers_micro_e,
          chequers_serial_rivers_micro_d
D:6:      layout_basic, minmay_temple_entry_enclosed_plants
D:7:      layout_loops_corners, serial_undead, serial_undead_c, serial_undead_e,
          serial_undead_f, serial_undead_f, uniq_maggie, uniq_harold,
          uniq_joseph, uniq_crazy_yiuf_cottage
D:8:      layout_basic, due_lair_maze_entry_diamond, uniq_erica
D:9:      minmay_diamond_stairs, layout_loops_cross,
          kennysheep_orc_monster_closet_entryway, minivault_13
D:10:     layout_cave_pods, hellmonk_ghost_big_iron
D:11:     layout_irregular_city, minivault_19
D:12:     layout_grid_maze, enter_bailey_4, enter_trove_2, serial_bayou_lake_a,
          uniq_snorg
D:13:     layout_basic, bh_circular_ruins
D:14:     layout_cave_pools, erik_vaults_2, minmay_staircase_windowed_small
D:15:     grunt_enter_depths_hoard, layout_basic, minmay_misc_feat_ornament,
          minivault_16, uniq_nessos
Temple:   kilobyte_greek_temple
Lair:1:   beast_lair_carwin_large_2, layout_regular_city,
          chequers_serial_rivers_small_b, guppyfry_lair_drakes,
          serial_bayou_shore_b, serial_bayou_shore_a
Lair:2:   layout_gridlike, elwin_shoals_entry_stream,
          portal_ice_cave_demonic_guard, grunt_forest_large_clearings
Lair:3:   layout_misc_corridors, lemuel_old_faithful
Lair:4:   layout_regular_city, spider_nest_entry_webs, grunt_megastairs_4,
          serial_bayou_shore_b, lemuel_fruit_tree, serial_bayou_shore_b,
          lemuel_fruit_fields
Lair:5:   layout_hall_layers, minmay_slime_entry_oklob_open,
          chequers_serial_rivers_micro_c
Lair:6:   hellmonk_lair_end_abyssal_woods, layout_concentric_octagons

Skill      XL: |  1  2  3  4  5  6  7  8  9 10 11 12 13 14 15 |
---------------+----------------------------------------------+-----
Throwing       | 2 |  2.0
Stealth        | 1 2 3 4 5 7 8 9 10 12 15 | 15.6
Armour         | 1 2 3 4 5 6 7 |  7.9
Maces & Flails | 4 5 6 8 10 11 13 14 15 16 | 16.2
Fighting       | 3 4 5 6 7 9 10 12 13 14 | 14.1
Invocations    | 2 5 6 8 9 10 11 | 11.2
Evocations     | 1 |  1.1
Dodging        | |  2.7

Action                   |  1- 3 |  4- 6 |  7- 9 | 10-12 | 13-15 || total
-------------------------+-------+-------+-------+-------+-------++-------
Melee: Flail             |   126 |   183 |   354 |  1013 |  1915 ||  3591
       Touch             |       |       |     3 |     8 |    15 ||    26
       Punch             |       |       |       |       |     3 ||     3
Invok: Heroism           |       |       |     5 |    22 |    18 ||    45
Evoke: Condenser vane    |       |       |       |     1 |     2 ||     3
       Wand              |       |       |       |    10 |     2 ||    12
       Lightning rod     |       |       |       |       |     1 ||     1
  Use: Potion            |       |     3 |       |     3 |     3 ||     9
       Scroll            |       |       |     1 |    17 |    11 ||    29
 Stab: Sleeping          |       |     1 |     6 |    16 |    38 ||    61
       Distracted        |       |       |       |     2 |     3 ||     5
       Confused          |       |       |       |       |    10 ||    10
       Invisible         |       |       |       |       |     1 ||     1
Armor: Leather armour    |    50 |   109 |   193 |   165 |   173 ||   690
       Acid dragon scale |       |       |       |   392 |  1059 ||  1451
Dodge: Dodged            |    87 |   157 |   313 |   722 |  1200 ||  2479

Table legend: (Time is in decaauts)
 A = Elapsed time spent in this place.
 B = Non-inter-level travel time spent in this place.
 C = Inter-level travel time spent in this place.
 D = Time resting spent in this place.
 E = Time spent auto-exploring this place.
 F = Levels seen in this place.
 G = Mean time per level.
                   A        B        C        D        E       F      G
               +--------+--------+--------+--------+--------+-----+--------+
         Total |  24468 |  23005 |   1463 |   2043 |  13291 |  25 |  978.7 |
       Dungeon |  17649 |  16611 |   1038 |   1931 |   9551 |  15 | 1176.6 |
        Temple |    204 |    144 |     60 |      0 |    130 |   1 |  204.0 |
          Lair |   5822 |   5457 |    365 |      8 |   3551 |   6 |  970.3 |
         Abyss |     39 |     39 |      0 |      0 |     13 |   1 |   39.0 |
        Bailey |    164 |    164 |      0 |      0 |      0 |   1 |  164.0 |
      Ice Cave |    588 |    588 |      0 |    104 |     45 |   1 |  588.0 |
               +--------+--------+--------+--------+--------+-----+--------+

Top non-repeatable levels by time:
     D:3: 2049 daAuts
  Lair:6: 1674 daAuts
     D:5: 1504 daAuts
     D:7: 1484 daAuts
     D:4: 1421 daAuts
     D:1: 1389 daAuts
    D:13: 1312 daAuts
     D:9: 1265 daAuts
  Lair:2: 1156 daAuts
     D:2: 1111 daAuts
    D:10: 1034 daAuts
     D:8: 951 daAuts
    D:11: 910 daAuts
    D:15: 902 daAuts
  Lair:4: 873 daAuts
